 Dungeon Crawl Stone Soup version 0.31-a0-45-g5f0c076935 (webtiles) character file.

Game seed: 7162530017040904064

170 Kenran the Cudgeller (level 5, -4/41 HPs)
             Began as a Formicid Fighter on May 21, 2023.
             Slain by a cerulean imp
             ... wielding a +1 spear
             ... summoned by Natasha
              (5 damage)
             ... on level 2 of the Dungeon.
             The game lasted 00:03:55 (2813 turns).

Kenran the Cudgeller (Formicid Fighter)             Turns: 2813, Time: 00:03:56

Health: -4/41      AC:  8    Str: 28    XL:     5   Next: 80%
Magic:  5/5        EV:  9    Int:  8    God:
Gold:   135        SH:  5    Dex: 13    Spells: 4/4 levels left

rFire   . . .        a - +0 flail
rCold   . . .        c - +0 buckler
rNeg    + . .        b - +0 scale mail
rPois   .            (helmet unavailable)
rElec   .            i - +0 cloak
rCorr   .            (no gloves)
SInv    +            (no boots)
Will    .....        (no amulet) Stlth
                     l - ring of positive energy
HPRegen 0.26/turn    e - +6 ring of strength
MPRegen 0.09/turn

%: no passive effects
@: no status effects
A: permanent stasis, dig shafts and tunnels, antennae 3, four strong arms
a: Dig, Shaft Self


You were on level 2 of the Dungeon.
You visited 1 branch of the dungeon, and saw 3 of its levels.

You collected 163 gold pieces.
You spent 28 gold pieces at shops.

Inventory:

Hand Weapons
 a - a +0 flail (weapon)
Armour
 b - a +0 scale mail (worn)
 c - a +0 buckler (worn)
 i - a +0 cloak (worn)
Jewellery
 e - a +6 ring of strength (right hand)
 l - a ring of positive energy (left hand)
Scrolls
 f - a scroll of immolation {unknown}
 m - a scroll of magic mapping {unknown}
 p - 2 scrolls of amnesia {unknown}
Potions
 d - 5 potions of might
 h - a potion of attraction {unknown}
 j - a potion of curing {unknown}
 k - 2 potions of brilliance {unknown}
 n - a potion of haste {unknown}
 o - a potion of mutation {unknown}
 q - a potion of degeneration {unknown}


   Skills:
 - Level 3.2 Fighting
 + Level 5.5 Maces & Flails
 - Level 3.2 Armour
 - Level 4.0 Shields


You had 4 spell levels left.
You didn't know any spells.
Your spell library contained the following spells:

 Spells                   Type           Power      Damage    Failure   Level
 Magic Dart               Conj           0%         1d3       73%         1
 Searing Ray              Conj           0%         2d4       86%         2
 Fulminant Prism          Conj/Hex       0%         3d5       100%        4
 Chain Lightning          Conj/Air       0%         N/A       100%        9
 Fire Storm               Conj/Fire      0%         5d1       100%        9
 Shatter                  Erth           0%         3d5*      100%        9


Dungeon Overview and Level Annotations

Branches:
Dungeon (3/15)

Altars:
Makhleb

Shops:
D:2 *

Annotations:
D:2 exclusion: downstairs, Natasha
D:3 Sigmund


Innate Abilities, Weirdness & Mutations

You cannot be hasted, slowed, berserked, paralysed or teleported.
You can dig through walls and to a lower floor.
You have a pair of large antennae on your head. (SInv)
Your four strong arms can wield two-handed weapons with a shield.


Message History

Natasha claws you but does no damage. The grasping roots constrict you!
The cerulean imp hits you but does no damage. x2
Natasha claws you.
* * * LOW HITPOINT WARNING * * *
The grasping roots constrict you!
* * * LOW HITPOINT WARNING * * *
You feel much better.
The cerulean imp hits you with a +1 spear.
The cerulean imp hits you from afar with a +0 spear.
* * * LOW HITPOINT WARNING * * *
Natasha claws you.
* * * LOW HITPOINT WARNING * * *
The grasping roots constrict you.
* * * LOW HITPOINT WARNING * * *
The grasping roots release their grip on you.
You barely miss Natasha.
Natasha is severely wounded.
The cerulean imp hits you but does no damage.
The cerulean imp hits you from afar with a +0 spear.
* * * LOW HITPOINT WARNING * * *
Natasha drinks a potion.
Natasha is healed!
You block the cerulean imp's attack.
The cerulean imp hits you but does no damage.
You hit Natasha.
Natasha is moderately wounded.
Natasha completely misses you. The cerulean imp closely misses you.
The cerulean imp barely misses you.
You closely miss Natasha.
Natasha is moderately wounded.
Natasha claws you.
* * * LOW HITPOINT WARNING * * *
The cerulean imp hits you with a +1 spear.
* * * LOW HITPOINT WARNING * * *
The cerulean imp hits you but does no damage.
You hit Natasha but do no damage.
Natasha is moderately wounded.
Natasha claws you.
* * * LOW HITPOINT WARNING * * *
The cerulean imp hits you with a +1 spear.
You die...

,,,),,*,,,,..*#........#*,,,,....
***,***,***#.*#........#######.#.
,,,,*,,,####.##..................
,<,,*,,,.........................
,,,,,,,,.........................
***,*,,,........................#
,,,,*,,,.......5###.#............
*****,,*****,*#5###.#.###########
,,,,,,,,,,,,,,#h@...#............
**************#######..##########
,,,,,,,,,,,,,,.........#****
,,,*,****############.##,,,*
,,,#+## ##.....# #.#*,,,*
.,,#^≈###......# #.#*,<,*
.###.≈≈#....ω..######.#*,,,*
.'..∩..'............#.#*,,,#
*#≈≈.###............#.##...#


You could see Natasha and 2 cerulean imps.

Vanquished Creatures
  A howler monkey (D:3)
  A hound (D:3)
  Natasha (twice) (D:2)
  An adder (D:3)
  A worm (D:2)
  4 bats
  5 endoplasms
  3 giant cockroaches
  3 goblins
  2 hobgoblins
  2 kobolds (D:1)
  3 quokkas
  5 ball pythons
  4 frilled lizards
  4 rats
41 creatures vanquished.

Notes
Turn   | Place    | Note
-------+----------+-------------------------------------------
     0 | D:1      | Kenran the Formicid Fighter began the quest for the Orb.
     0 | D:1      | Reached XP level 1. HP: 18/18 MP: 1/1
   172 | D:1      | Reached XP level 2. HP: 23/24 MP: 2/2
   428 | D:1      | Reached skill level 3 in Maces & Flails
   518 | D:1      | Reached XP level 3. HP: 29/29 MP: 3/3
  1408 | D:2      | Found Ruerhog's General Store.
  1423 | D:2      | Bought a scroll of identify for 28 gold pieces
  1428 | D:2      | Found a burning altar of Makhleb.
  1612 | D:2      | Identified the +9 dagger of True Grit {holy, rF+ rCorr
                  | Dex+5}
  1866 | D:3      | Noticed Sigmund
  1866 | D:3      | Noticed Natasha
  1958 | D:3      | Reached skill level 4 in Maces & Flails
  1958 | D:3      | Reached XP level 4. HP: 22/35 MP: 4/4
  2121 | D:3      | Reached skill level 5 in Maces & Flails
  2121 | D:3      | Reached XP level 5. HP: 21/41 MP: 5/5
  2305 | D:2      | Killed Natasha
  2603 | D:2      | Noticed Natasha
  2614 | D:2      | Killed Natasha
  2749 | D:2      | Found Ruerhog's General Store.
  2754 | D:2      | Found a burning altar of Makhleb.
  2793 | D:2      | Noticed Natasha
  2808 | D:2      | HP: 1/41 [constriction (7)]
  2813 | D:2      | HP: 1/41 [Natasha (4)]
  2813 | D:2      | Slain by a cerulean imp

Illustrated notes

Levels and vault maps discovered:
D:1:      sevenhm_arrival_forest_fort_small_4, layout_loops_cross
D:2:      layout_basic, serial_shops, nicolae_shop_hallway_plus, basic_altar,
          st_stairs_1
D:3:      layout_rooms, uniq_sigmund, uniq_natasha

Skill      XL: |  1  2  3  4 |
---------------+-------------+-----
Maces & Flails | 3 4 5 |  5.5
Fighting       | |  3.2
Armour         | |  3.2
Shields        | |  4.0

Action                     |  1- 3 |  4- 6 || total
---------------------------+-------+-------++-------
  Melee: Flail             |   110 |    52 ||   162
    Use: Scroll            |     2 |       ||     2
         Potion            |       |     1 ||     1
 Armour: Scale mail        |    53 |    41 ||    94
  Dodge: Dodged            |    51 |    35 ||    86
  Block: Buckler           |    38 |    19 ||    57

Table legend: (Time is in decaauts)
 A = Elapsed time spent in this place.
 B = Non-inter-level travel time spent in this place.
 C = Inter-level travel time spent in this place.
 D = Time resting spent in this place.
 E = Time spent auto-exploring this place.
 F = Levels seen in this place.
 G = Mean time per level.
                   A        B        C        D        E       F      G
               +--------+--------+--------+--------+--------+-----+--------+
         Total |   2853 |   2786 |     67 |    360 |   1808 |   3 |  951.0 |
       Dungeon |   2853 |   2786 |     67 |    360 |   1808 |   3 |  951.0 |
               +--------+--------+--------+--------+--------+-----+--------+

Top non-repeatable levels by time:
     D:2: 1484 daAuts
     D:1: 935 daAuts
     D:3: 434 daAuts
